 Dungeon Crawl Stone Soup version 0.30-a0-358-g0d69a1922f (webtiles) character file.

Game seed: 6020920378447180257

18 mcwallace the Covered (level 2, -1/26 HPs)
             Began as an Armataur Fighter on Nov 10, 2022.
             Slain by a jackal (3 damage)
             ... on level 1 of the Dungeon.
             The game lasted 00:01:15 (211 turns).

mcwallace the Covered (Armataur Fighter)             Turns: 211, Time: 00:01:15

Health: -1/26      AC:  7    Str: 21    XL:     2   Next: 48%
Magic:  2/2        EV:  7    Int:  8    God:
Gold:   7          SH:  4    Dex:  9    Spells: 1/1 levels left

rFire   . . .      SeeInvis .    f - +2 dagger (venom) {short}
rCold   . . .      Faith    .    c - +0 buckler
rNeg    . . .      Spirit   .    b - +0 scale mail
rPois   .          Reflect  .    (no helmet)
rElec   .          Harm     .    (no cloak)
rCorr   .          Roll     +    (no gloves)
Will    .....                    (no barding)
Stlth   ..........               (no amulet)
HPRegen 0.24/turn                (no ring)
MPRegen 0.08/turn                (no ring)

@: no status effects
A: large, rugged brown scales 3, deformed body, armoured tail, roll, long
tongue, awkward tongue
a: no special abilities


You were on level 1 of the Dungeon.
You visited 1 branch of the dungeon, and saw 1 of its levels.

You collected 7 gold pieces.


Innate Abilities, Weirdness & Mutations

You are completely covered in rugged brown scales. (AC +3, +7% HP)
Armour fits poorly on your strangely shaped body.
You have a long armoured tail.
You roll when moving toward enemies. (Rampage)
Your long tongue fully drains potion bottles. (2x potion effects)
Your tongue gives you trouble enunciating. (1.5x scroll delay)


   Skills:
 + Level 2.9 Fighting
 + Level 2.1 Maces & Flails
 + Level 3.9 Armour
 + Level 3.5 Shields


You had one spell level left.
You didn't know any spells.
Your spell library was empty.

Inventory:

Hand Weapons
 a - a +0 flail {mace}
 f - a +2 dagger of venom (weapon) {short}
   (You found it on level 1 of the Dungeon)
Missiles
 e - 5 stones (quivered) {throwing}
Armour
 b - a +0 scale mail (worn)
 c - a +0 buckler (worn)
Potions
 d - a potion of might

Dungeon Overview and Level Annotations

Branches:
Dungeon (1/15) Zot: 5773

Altars:

....... #........†..
.......##+#........#..
...................#).
...................#..
#.................#####...
.#.........................
.......###.................
.?..... #.................
......###@.......####....#
#....ghh...............#
#$.†..l....###........#.
#..........###........#.
#...........##..........
#...........##..........
#.......#...##..........
#.......#...##..........
#.[.....#...##..........


You could see 2 jackals, a goblin and a frilled lizard.


Message History

You hit the ball python.
The ball python is poisoned.
You kill the ball python!
A ball python comes into view.
A frilled lizard comes into view.
You roll towards the jackal!
You barely miss the jackal. The jackal bites you. x2
The jackal bites you but does no damage. x2
The jackal closely misses you.
The jackal bites you but does no damage. 😕 HP[-3]
You take 3 damage, and now have 23/26 hp.
You closely miss the jackal.
Your tail-slap misses the jackal.
The jackal barely misses you. x2; You block the jackal's attack.
You hit the jackal but do no damage.
The jackal bites you but does no damage. x4
The jackal closely misses you. x2
You hit the jackal.
The jackal is poisoned.
The ball python bites you.
The jackal bites you but does no damage. x2
The jackal bites you.
The ball python closely misses you. 😕 HP[-3]
You take 3 damage, and now have 20/26 hp.
You hit the jackal but do no damage.
The jackal looks even sicker.
The jackal barely misses you.
The jackal bites you but does no damage.
The jackal barely misses you.
The ball python bites you but does no damage.
The jackal bites you but does no damage.
The jackal barely misses you.
The jackal bites you but does no damage. 😕 HP[+1]
You barely miss the jackal. You tail-slap the jackal.
You kill the jackal!
The jackal bites you but does no damage.
The ball python bites you but does no damage.
The jackal bites you but does no damage.
You hit the ball python.
The jackal bites you but does no damage.
The jackal barely misses you. The ball python barely misses you.
You block the jackal's attack. The frilled lizard misses you.
The jackal closely misses you. You block the ball python's attack.
You closely miss the ball python.
Your tail-slap misses the ball python.
The jackal closely misses you.
The jackal bites you but does no damage.
You block the ball python's attack.
A goblin comes into view. It is wielding a +0 dagger.
The frilled lizard barely misses you.
You hit the ball python but do no damage.
The ball python is poisoned.
Your tail-slap misses the ball python.
You block the jackal's attack.
The jackal bites you but does no damage.
The ball python bites you but does no damage.
The frilled lizard bites you but does no damage.
The jackal bites you but does no damage.
The jackal bites you.
You closely miss the ball python.
Your tail-slap misses the ball python.
The ball python barely misses you.
The jackal bites you but does no damage.
The jackal bites you. The frilled lizard bites you. 😮 HP[-4]
You take 4 damage, and now have 17/26 hp.
You closely miss the ball python. The jackal closely misses you.
The ball python bites you. You block the jackal's attack.
The frilled lizard bites you.
* * * LOW HITPOINT WARNING * * *
😨 HP[-4]
You take 4 damage, and now have 13/26 hp.
You completely miss the ball python.
Your tail-slap misses the ball python.
The jackal bites you.
* * * LOW HITPOINT WARNING * * *
The jackal barely misses you.
The ball python bites you but does no damage.
You block the jackal's attack.
The frilled lizard bites you but does no damage.
The jackal bites you but does no damage.
The ball python bites you.
* * * LOW HITPOINT WARNING * * *
😨 HP[-4]
You take 4 damage, and now have 9/26 hp.
The ball python attacks as you move away!
You block the ball python's attack. The jackal barely misses you.
The jackal bites you but does no damage. 😨 HP[+1]
The jackal attacks as you move away! You block the jackal's attack.
You kill the ball python!
The jackal bites you.
* * * LOW HITPOINT WARNING * * *
The jackal bites you.
* * * LOW HITPOINT WARNING * * *
The jackal bites you.
* * * LOW HITPOINT WARNING * * *
😱 HP[-6]
You take 6 damage, and now have 4/26 hp.
MASSIVE DAMAGE!! (PAUSE)
The goblin attacks as you move away! The goblin hits you but does no damage.
The jackal bites you but does no damage.
The jackal closely misses you. The jackal bites you.
* * * LOW HITPOINT WARNING * * *
😱 HP[-3]
You take 3 damage, and now have 1/26 hp.
You hit the jackal. You tail-slap the jackal. The jackal bites you.
You die...

Skill      XL: |  1 |
---------------+----+-----
Maces & Flails | 2 |  2.1
Fighting       | |  2.9
Armour         | |  3.9
Shields        | |  3.5

Action                   || total
-------------------------++-------
Melee: Flail             ||    43
       Dagger            ||    14
       Tailslap          ||     3
Armor: Scale mail        ||    69
Dodge: Dodged            ||    38
Block: Buckler           ||    20

Levels and vault maps discovered:
D:1:      dpeg_arrival_ternary, layout_basic

Notes
Turn   | Place    | Note
-------+----------+-------------------------------------------
     0 | D:1      | mcwallace the Armataur Fighter began the quest for the Orb.
     0 | D:1      | Reached XP level 1. HP: 19/19 MP: 1/1
     0 | D:1      | magus.rc [v1.9.6]
     1 | D:1      | magus.rc [v1.9.6]
    55 | D:1      | Reached skill level 2 in Maces & Flails
    62 | D:1      | Reached XP level 2. HP: 12/26 MP: 2/2
   208 | D:1      | HP: 6/26 [jackal (1)]
   210 | D:1      | HP: 1/26 [jackal (3)]
   211 | D:1      | Slain by a jackal

Vanquished Creatures
  A dart slug (D:1)
  A bat (D:1)
  3 endoplasms (D:1)
  A hobgoblin (D:1)
  A jackal (D:1)
  A quokka (D:1)
  2 ball pythons (D:1)
  A frilled lizard (D:1)
  A goblin (D:1)
  A kobold (D:1)
  2 rats (D:1)
15 creatures vanquished.

Table legend:
 A = Non-vault XP
 B = Vault XP
 C = Vault XP percentage of total XP
 D = Non-vault monster count
 E = Vault monster count
 F = Vault count percentage of total count
                 A         B        C        D         E       F
            +---------+---------+-------+---------+---------+-------
      Total |      26 |       0 |   0.0 |      15 |       0 |   0.0
            +---------+---------+-------+---------+---------+-------
        D:1 |      26 |       0 |   0.0 |      15 |       0 |   0.0
            +---------+---------+-------+---------+---------+-------

Illustrated notes

Table legend:
 A = Kills in this place as a percentage of kills in entire the game.
 B = Kills by you in this place as a percentage of kills by you in the entire game.
 C = Kills by friends in this place as a percentage of kills by friends in the entire game.
 D = Other kills in this place as a percentage of other kills in the entire game.
 E = Experience gained in this place as a percentage of experience gained in the entire game.
 F = Experience gained in this place divided by the number of levels of this place that you have seen.
                   A       B       C       D       E      F
               +-------+-------+-------+-------+-------+----------------------
         Total | 100.0 | 100.0 |   N/A |   N/A | 100.0 |  26.0
       Dungeon | 100.0 | 100.0 |   N/A |   N/A | 100.0 |  26.0
               +-------+-------+-------+-------+-------+----------------------

Table legend: (Time is in decaauts)
 A = Elapsed time spent in this place.
 B = Non-inter-level travel time spent in this place.
 C = Inter-level travel time spent in this place.
 D = Time resting spent in this place.
 E = Time spent auto-exploring this place.
 F = Levels seen in this place.
 G = Mean time per level.
                   A        B        C        D        E       F      G
               +--------+--------+--------+--------+--------+-----+--------+
         Total |    225 |    223 |      2 |      0 |    124 |   1 |  225.0 |
       Dungeon |    225 |    223 |      2 |      0 |    124 |   1 |  225.0 |
               +--------+--------+--------+--------+--------+-----+--------+

Top non-repeatable levels by time:
     D:1: 225 daAuts
